 Dungeon Crawl Stone Soup version 0.30-a0-711-gf4ac18a38d (webtiles) character file.

Game seed: 7607819447846612355

596 holysushi the Magician (level 7, -2/40 (43) HPs)
             Began as an Octopode Conjurer on Jan 22, 2023.
             Slain by a water moccasin (7 damage)
             ... on level 6 of the Dungeon.
             The game lasted 00:06:42 (4355 turns).

holysushi the Magician (Octopode Conjurer)          Turns: 4355, Time: 00:06:43

HP:   -2/40 (43)    AC:  1    Str:  6    XL:     7   Next: 40%
MP:   9/16          EV: 13    Int: 21    God:
Gold: 1368          SH:  0    Dex: 12    Spells: 5/19 levels left

rFire   + . .      SeeInvis .    d - staff of fire
rCold   . . .      Faith    .    (no shield)
rNeg    . . .      Spirit   .    (helmet restricted)
rPois   .          Reflect  .    k - amulet of magic regeneration
rElec   .          Harm     .    (no ring)
rCorr   .          Rampage  .    (no ring)
Will    .....                    (no ring)
Stlth   +++                      (no ring)
HPRegen 0.26/turn                (no ring)
MPRegen 0.55/turn                (no ring)
                                 (no ring)
                                 (no ring)

@: lethally poisoned (-2 -> -12), drained
A: almost no armour, amphibious, 8 rings, camouflage 1, gelatinous body 1,
(nimble swimmer 1), tentacles
a: no special abilities


You were on level 6 of the Dungeon.
You visited 1 branch of the dungeon, and saw 6 of its levels.

You collected 1529 gold pieces.
You spent 161 gold pieces at shops.

Inventory:

Hand Weapons
 f - a +0 rapier
 n - a +1 dagger of venom
Magical Staves
 d - a staff of fire (weapon)
Jewellery
 k - an amulet of magic regeneration (around mantle)
Wands
 p - a wand of mindburst (8)
 r - a wand of polymorph (11)
Scrolls
 b - a scroll of butterflies
 c - 3 scrolls of poison
 e - 2 scrolls of silence
 h - a scroll of immolation
 q - a scroll of blinking
 s - 3 scrolls of identify
 w - a scroll of enchant armour {unknown}
Potions
 a - 3 potions of magic
 g - a potion of mutation
 i - a potion of flight {unknown}
 j - a potion of degeneration {unknown}
 l - 2 potions of might {unknown}
 m - a potion of attraction {unknown}
 o - 2 potions of curing {unknown}
 t - a potion of heal wounds {unknown}
 u - a potion of cancellation {unknown}
 v - a potion of lignification {unknown}
 x - 2 potions of brilliance {unknown}


   Skills:
 - Level 1.0 Fighting
 + Level 3.1 Dodging
 - Level 2.6 Stealth
 - Level 6.5 Spellcasting
 + Level 4.6 Conjurations


You had 5 spell levels left.
You knew the following spells:

 Your Spells              Type           Power      Damage    Failure   Level
a - Magic Dart            Conj           100%       1d8       1%          1
b - Searing Ray           Conj           52%        2d6       1%          2
c - Dazzling Flash        Conj/Hex       32%        N/A       11%         3
d - Fulminant Prism       Conj/Hex       8%         3d7       34%         4
e - Iskenderun's Mystic   Conj/Tloc      16%        2d5       34%         4

Your spell library contained the following spells:

 Spells                   Type           Power      Damage    Failure   Level
 Apportation              Tloc           12%        N/A       10%         1
 Necrotise                Necr           24%        1d5       10%         1
 Summon Small Mammal      Summ           24%        N/A       10%         1
 Ensorcelled Hibernation  Hex/Ice        12%        N/A       14%         2
 Lesser Beckoning         Tloc           12%        N/A       14%         2
 Passwall                 Tmut/Erth      5%         N/A       14%         2
 Gell's Gravitas          Tloc           6%         N/A       28%         3
 Swiftness                Air            6%         N/A       28%         3
 Teleport Other           Tloc           6%         N/A       28%         3
 Vampiric Draining        Necr           6%         2d6       28%         3
 Agony                    Necr           6%         N/A       95%         5


Dungeon Overview and Level Annotations

Branches:
Dungeon (6/15) Zot: 26930
 Temple: D:4-7

Altars:
Ashenzari
Makhleb
Nemelex Xobeh
Okawaru
Yredelemnul
The Shining One

Shops:
D:1 ?[

Annotations:
D:3 exclusion: door
D:4 exclusion: sky beast


Innate Abilities, Weirdness & Mutations

You cannot wear most types of armour.
You are amphibious.
You can wear up to eight rings at the same time.
Your skin changes colour to match your surroundings (Stealth+).
Your rubbery body absorbs attacks. (AC +1, EV +1)
((You are camouflaged when in or above water. (Stealth+)))
You have tentacles for arms and can constrict up to eight enemies at once.


Message History

Casting: Searing Ray (safe; 1% risk of failure)
Confirm with . or Enter, or press ? or * to list all spells.
Restarting spell: Searing Ray (safe; 1% risk of failure)
Press: ? - help, Shift-Dir - straight line, f/p - water moccasin
Aim: a water moccasin (66% to hit)
The searing ray hits the water moccasin!
The water moccasin is moderately wounded. (Press . to maintain the ray.)
The water moccasin barely misses you.
The water moccasin bites you but does no damage.
The searing ray hits the water moccasin.
The water moccasin is moderately wounded.
The water moccasin barely misses you.
The searing ray hits the water moccasin.
The water moccasin is heavily wounded.
The water moccasin bites you!
The searing ray hits the water moccasin.
The water moccasin is severely wounded.
You finish channelling your searing ray.
The water moccasin barely misses you. The water moccasin bites you.
Casting: Searing Ray (safe; 1% risk of failure)
Confirm with . or Enter, or press ? or * to list all spells.
Aiming: Searing Ray (safe; 1% risk of failure)
Press: ? - help, Shift-Dir - straight line, f/p - water moccasin
Aim: a water moccasin (severely wounded, 66% to hit)
The searing ray misses the water moccasin. (Press . to maintain the ray.)
The water moccasin bites you.
You are poisoned.
The water moccasin poisons you!
The searing ray hits the water moccasin.
The water moccasin is almost dead.
You feel very sick. The water moccasin bites you! The water moccasin bites you.
* * * LOW HITPOINT WARNING * * *
The searing ray misses the water moccasin.
* * * LOW HITPOINT WARNING * * *
You feel very sick. The water moccasin bites you!
You die...

. .. .. .# #. .#
..#..######.#
....>.S@....## ....
.....##......#
........ ... #......#
....... +
#......#####.# #.#
#............###.#
##.######.........#
#..................
###..######..........
#<...# #......#......


You could see a water moccasin.

Vanquished Creatures
  2 ogres (D:5)
  A necrophage (D:5)
  2 orc priests (D:5)
  2 hounds (D:5)
  2 jellies
  An orc wizard (D:5)
  3 gnolls (D:2)
  7 adders
  3 worms
  2 dart slugs
  3 orcs
  6 endoplasms
  2 giant cockroaches
  5 goblins
  7 hobgoblins
  3 jackals
  5 quokkas
  6 ball pythons
  5 bats
  4 frilled lizards
  5 kobolds
  7 rats
83 creatures vanquished.

Notes
Turn   | Place    | Note
-------+----------+-------------------------------------------
     0 | D:1      | holysushi the Octopode Conjurer began the quest for the
                  | Orb.
     0 | D:1      | Reached XP level 1. HP: 11/11 MP: 3/3
    15 | D:1      | Found Qoxtac Igoof's Antique Armour Boutique.
   143 | D:1      | Reached XP level 2. HP: 12/17 MP: 0/5
   370 | D:1      | Found Pagoqi's Magic Scroll Emporium.
   373 | D:1      | Bought a scroll of identify for 28 gold pieces
   373 | D:1      | Bought a scroll of identify for 28 gold pieces
   404 | D:1      | Learned a level 2 spell: Searing Ray
   508 | D:1      | Reached skill level 3 in Spellcasting
   685 | D:1      | Reached XP level 3. HP: 16/21 MP: 1/7
  1332 | D:2      | Reached XP level 4. HP: 24/27 MP: 4/9
  1535 | D:2      | Reached skill level 4 in Spellcasting
  2157 | D:1      | Bought a scroll of blinking for 105 gold pieces
  2228 | D:3      | Found a burning altar of Makhleb.
  2246 | D:3      | Noticed a moth of wrath
  2253 | D:3      | Learned a level 3 spell: Dazzling Flash
  2258 | D:3      | Learned a level 4 spell: Fulminant Prism
  2265 | D:3      | Reached XP level 5. HP: 31/31 MP: 9/12
  2387 | D:3      | Found a glowing golden altar of the Shining One.
  2854 | D:4      | Reached skill level 5 in Spellcasting
  2925 | D:4      | Noticed a sky beast
  3233 | D:4      | Learned a level 4 spell: Iskenderun's Mystic Blast
  3457 | D:5      | Entered Level 5 of the Dungeon
  3486 | D:5      | Identified a scroll of acquirement
  3486 | D:5      | Acquired 1087 gold pieces
  3508 | D:5      | Noticed an ogre
  3521 | D:5      | Killed an ogre
  3522 | D:5      | Reached XP level 6. HP: 36/36 MP: 8/14
  3611 | D:5      | Reached skill level 6 in Spellcasting
  3720 | D:5      | Reached XP level 7. HP: 27/42 MP: 12/16
  3722 | D:5      | Reached skill level 1 in Fighting
  3932 | D:5      | Found a broken altar of Ashenzari.
  4187 | D:5      | Found a sparkling altar of Nemelex Xobeh.
  4198 | D:5      | Found an iron altar of Okawaru.
  4199 | D:5      | Found a basalt altar of Yredelemnul.
  4355 | D:6      | Slain by a water moccasin

Illustrated notes

Levels and vault maps discovered:
D:1:      dpeg_arrival_tiny_a, layout_rooms, serial_shops,
          nicolae_shop_statue_plus, nicolae_shop_behind_doors
D:2:      layout_basic, minmay_circle_x
D:3:      layout_loops_ring, tgw_trog, bloody_makhleb, amcnicky_altar_gilded
D:4:      layout_basic, serial_glass, glass_columns_b, glass_columns_b,
          glass_columns_b, glass_columns_a
D:5:      layout_cave_pools, minitemple, evilmike_ruin_ashenzari, serial_glass,
          glass_columns_c, glass_columns_b, glass_columns_b, glass_columns_a,
          glass_columns_a, glass_columns_c
D:6:      layout_basic, general_overflow_altar, mainiacjoe_overflow_alcove_1,
          old_standard_altar, minmay_temple_entry_proselytizer, uniq_sigmund,
          uniq_pikel

Skill      XL: |  1  2  3  4  5  6  7 |
---------------+----------------------+-----
Spellcasting   | 3 4 5 6 |  6.5
Fighting       | 1 |  1.0
Dodging        | 3 |  3.1
Stealth        | |  2.6
Conjurations   | |  4.6

Action                     |  1- 3 |  4- 6 |  7- 9 || total
---------------------------+-------+-------+-------++-------
  Melee: Unarmed           |     7 |       |       ||     7
         Constrict         |     5 |     1 |       ||     6
         Tentacles         |     4 |     1 |       ||     5
         Staff             |    10 |     1 |       ||    11
         Punch             |     1 |       |       ||     1
   Cast: Magic Dart        |    78 |    76 |     7 ||   161
         Searing Ray       |       |    19 |     8 ||    27
  Evoke: Wand              |       |       |     1 ||     1
    Use: Scroll            |     2 |     4 |       ||     6
 Armour: Skin              |     2 |       |     1 ||     3
  Dodge: Dodged            |    20 |    19 |     5 ||    44

Table legend: (Time is in decaauts)
 A = Elapsed time spent in this place.
 B = Non-inter-level travel time spent in this place.
 C = Inter-level travel time spent in this place.
 D = Time resting spent in this place.
 E = Time spent auto-exploring this place.
 F = Levels seen in this place.
 G = Mean time per level.
                   A        B        C        D        E       F      G
               +--------+--------+--------+--------+--------+-----+--------+
         Total |   4358 |   4157 |    201 |    575 |   2972 |   6 |  726.3 |
       Dungeon |   4358 |   4157 |    201 |    575 |   2972 |   6 |  726.3 |
               +--------+--------+--------+--------+--------+-----+--------+

Top non-repeatable levels by time:
     D:1: 1112 daAuts
     D:2: 1076 daAuts
     D:5: 828 daAuts
     D:4: 649 daAuts
     D:3: 622 daAuts
     D:6: 68 daAuts
